 Dungeon Crawl Stone Soup version 0.27.1-33-g824d729ab1 (webtiles) character file.

Game seed: 6899245955209363771

87 demibob the Chopper (level 4, -2/58 HPs)
             Began as a Minotaur Chaos Knight on Dec 8, 2021.
             Was a Plaything of Xom.
             Slain by a worm (5 damage)
             ... on level 3 of the Dungeon.
             The game lasted 00:02:23 (1776 turns).

demibob the Chopper (Minotaur Chaos Knight)         Turns: 1776, Time: 00:02:24

Health: -2/58      AC: 22    Str: 14 (17) XL:     4   Next: 28%
Magic:  3/3        EV:  2    Int:  7 (9)  God:    Xom [....*.]
Gold:   123        SH:  0    Dex:  9 (10) Spells: 3/3 levels left

rFire    . . .     SeeInvis .   a - +0 hand axe (chaos)
rCold    . . .     Faith    .   (no shield)
rNeg     + + +     Spirit   .   (armour currently unavailable)
rPois    +         Reflect  .   (helmet currently unavailable)
rElec    .         Harm     .   (cloak currently unavailable)
rCorr    .         Rampage  .   (gloves currently unavailable)
Will     .....     NoTele   +   (boots currently unavailable)
Stlth    +.........             (no amulet)
HPRegen  0.19/turn              (no ring)
MPRegen  0.08/turn              (no ring)

@: tree-form, attractive, very slightly contaminated, invisible
A: stationary, stasis, torment immunity, boosted hp, (horns 2), (retaliatory
headbutt), deterioration 1, mutation resistance 1
a: Renounce Religion


You were on level 3 of the Dungeon.
You worshipped Xom.
You were a beloved toy of Xom.
You were a tree.
You visited 1 branch of the dungeon, and saw 3 of its levels.

You collected 123 gold pieces.


Innate Abilities, Weirdness & Mutations

You are a tree.
Your roots penetrate the ground, keeping you stationary.
You cannot be teleported.
You are immune to unholy pain and torment.
Your maximum health is greatly increased.
Your equipment is partially melded.
((You have a pair of horns on your head.))
((You reflexively headbutt those who attack you in melee.))
Your body sometimes deteriorates upon taking damage.
You are somewhat resistant to further mutation.


   Skills:
 - Level 3.6 Fighting
 + Level 6.2 Axes
 - Level 2.4 Armour
 - Level 1.1 Dodging


You had 3 spell levels left.
You didn't know any spells.
Your spell library contained the following spells:

 Spells                   Type           Power      Damage    Failure   Level
 Apportation              Tloc           0%         N/A       43%         1
 Gell's Gravitas          Tloc           0%         N/A       80%         3
 Lesser Beckoning         Tloc           0%         N/A       80%         3
 Teleport Other           Tloc           0%         N/A       80%         3
 Alistair's Intoxication  Tmut/Pois      0%         N/A       100%        5
 Invisibility             Hex            0%         N/A       100%        6

Inventory:

Hand Weapons
 a - a +0 hand axe of chaos (weapon)
Missiles
 c - 16 poisoned darts (quivered)
Armour
 b - a +2 leather armour (melded)
Scrolls
 h - a scroll of identify {unknown}
Potions
 f - a potion of invisibility

Dungeon Overview and Level Annotations

Branches:
Dungeon (3/15)

Altars:
Sif Muna

#.####.####............
#+###.# #)# #####.##.#...
+⚑###.## #.# ....#.####
#+###..# #.# #<....#.....
#..# #.# .#####.#.....
##.###..###'###.###
.#.####
........#.......... #.#
.##.##..#.......... #.# #
#..#..♣....... #.#
##.###w###.### #.#
#.###.###.# #.#
#...))....# #.###.#####
#.###.###### #.#..........
#.#+#...#.################
#....#..#.##..?.....[.....


You could see a worm (berserk, poisoned).


Message History

You are too injured to fight recklessly!
You are too injured to fight recklessly!
Unknown command.
You hit the worm but do no damage.
The worm is poisoned.
You hit the worm.
The worm goes berserk!
Xom thinks this is hilarious!
The worm is lightly wounded.
The worm bites you!
* * * LOW HITPOINT WARNING * * *
You see here a +0 club.
There is an open door here.
It was a potion of invisibility.
You fade into invisibility!
The worm bites you.
* * * LOW HITPOINT WARNING * * *
You are very lightly contaminated with residual magic.
Okay, then.
It was a potion of degeneration.
There was something very wrong with that liquid.
You feel weakened.
You feel dopey.
You feel clumsy. The worm closely misses you.
It was a potion of attraction.
You feel attractive to monsters.
It was a potion of mutation.
You feel extremely strange.
You feel yourself wasting away.
You feel genetically stable. The worm barely misses you.
It was a potion of lignification.
You turn into a tree.
Your +2 leather armour melds into your body.
Your roots penetrate the ground.
The worm bites you.
You die...

Skill      XL: |  1  2  3 |
---------------+----------+-----
Axes           | 4 5 6 |  6.2
Fighting       | |  3.6
Armour         | |  2.4
Dodging        | |  1.1

Action                   |  1- 3 |  4- 6 || total
-------------------------+-------+-------++-------
Melee: Hand axe          |   100 |     4 ||   104
       Headbutt          |    11 |       ||    11
  Use: Scroll            |     1 |       ||     1
       Potion            |       |     5 ||     5
Armor: Leather armour    |    37 |       ||    37
Dodge: Dodged            |    41 |     2 ||    43

Levels and vault maps discovered:
D:1:      psy_arrival_fountain, layout_basic,
          shapermc_ecumenical_altar_mp_ritualfount,
          chequers_serial_rivers_large_a
D:2:      layout_rooms
D:3:      layout_basic, lemuel_doored_altar, chequers_garden,
          uniq_crazy_yiuf_cottage, uniq_terence, uniq_jessica

Notes
Turn   | Place    | Note
-------+----------+-------------------------------------------
     0 | D:1      | demibob the Minotaur Chaos Knight began the quest for the
                  | Orb.
     0 | D:1      | Reached XP level 1. HP: 19/19 MP: 0/0
   137 | D:1      | Reached skill level 4 in Axes
   180 | D:1      | XOM: silly message
   189 | D:1      | Reached XP level 2. HP: 25/26 MP: 1/1
   192 | D:1      | Found a faded altar of an unknown god.
   222 | D:1      | XOM: silly message
   334 | D:1      | XOM: silly message
   471 | D:1      | XOM: confuse monster(s)
   478 | D:1      | Reached skill level 5 in Axes
   658 | D:1      | Reached XP level 3. HP: 30/31 MP: 2/2
  1168 | D:2      | XOM: silly message
  1299 | D:2      | XOM: 1-stop teleportation journey
  1524 | D:2      | XOM: divination: detect items
  1697 | D:3      | Found a shimmering blue altar of Sif Muna.
  1719 | D:3      | XOM: noise
  1728 | D:3      | Noticed Jessica
  1736 | D:3      | Killed Jessica
  1737 | D:3      | Reached skill level 6 in Axes
  1737 | D:3      | Reached XP level 4. HP: 17/39 MP: 3/3
  1767 | D:3      | HP: 2/39 [worm (13)]
  1772 | D:3      | HP: 1/39 [worm (1)]
  1775 | D:3      | Gained mutation: Your body sometimes deteriorates upon
                  | taking damage. [potion of mutation]
  1775 | D:3      | Gained mutation: You are somewhat resistant to further
                  | mutation. [potion of mutation]
  1776 | D:3      | Slain by a worm

Vanquished Creatures
  Jessica (D:3)
  A worm (D:2)
  3 dart slugs
  An orc (D:3)
  5 ball pythons
  2 bats (D:1)
  4 endoplasms
  A giant cockroach (D:1)
  3 goblins
  4 hobgoblins
  6 jackals (D:1)
  2 kobolds
  A quokka (D:1)
  6 frilled lizards
  7 rats
47 creatures vanquished.

Vanquished Creatures (collateral kills)
  A goblin (D:2)
1 creature vanquished.

Vanquished Creatures (others)
  A plant (D:1)
1 creature vanquished.

Grand Total: 49 creatures vanquished

Table legend: (Time is in decaauts)
 A = Elapsed time spent in this place.
 B = Non-inter-level travel time spent in this place.
 C = Inter-level travel time spent in this place.
 D = Time resting spent in this place.
 E = Time spent auto-exploring this place.
 F = Levels seen in this place.
 G = Mean time per level.
                   A        B        C        D        E       F      G
               +--------+--------+--------+--------+--------+-----+--------+
         Total |   1796 |   1773 |     23 |      0 |   1486 |   3 |  598.7 |
       Dungeon |   1796 |   1773 |     23 |      0 |   1486 |   3 |  598.7 |
               +--------+--------+--------+--------+--------+-----+--------+

Top non-repeatable levels by time:
     D:1: 934 daAuts
     D:2: 607 daAuts
     D:3: 254 daAuts

Table legend:
 A = Non-vault XP
 B = Vault XP
 C = Vault XP percentage of total XP
 D = Non-vault monster count
 E = Vault monster count
 F = Vault count percentage of total count
                 A         B        C        D         E       F
            +---------+---------+-------+---------+---------+-------
      Total |      88 |      37 |  29.6 |      47 |       1 |   2.1
            +---------+---------+-------+---------+---------+-------
        D:1 |      41 |       0 |   0.0 |      23 |       0 |   0.0
        D:2 |      31 |       0 |   0.0 |      16 |       0 |   0.0
        D:3 |      16 |      37 |  69.8 |       8 |       1 |  11.1
            +---------+---------+-------+---------+---------+-------
